| TOP OF THE 1ST |
|
Chicago (NYP) White Sox batting - Pitching for Tri-City ValleyCats : RHP Chris Miles
|
|
Pitching: RHP Chris Miles
|
|
|
Batting: RHB Dusty Ballard
|
0-0: Ball 1-0: Ball 2-0: Ball 3-0: Base on Balls
|
|
Batting: RHB Jeremy Hoffert
|
0-0: Ball Dusty Ballard steals 2nd base 1-0: Called Strike 1-1: Called Strike 1-2: Strikes out swinging
|
|
Batting: LHB Angel Tellez
|
0-0: Called Strike 0-1: Foul Ball, location: 2F 0-2: SINGLE (Groundball, 34D, EV 95.0 MPH) Dusty Ballard to third
|
|
Batting: LHB Brandon Hopper
|
0-0: Ball 1-0: Foul Ball, location: 2F 1-1: Foul Ball, location: 2F 1-2: Strikes out swinging
|
|
Batting: RHB Pat Pemberton
|
0-0: Called Strike 0-1: Ball 1-1: Ball 2-1: Ball 3-1: Called Strike 3-2: Base on Balls Angel Tellez to second
|
|
Batting: LHB Jason Bell
|
0-0: SINGLE (Groundball, 4D, EV 103.1 MPH) Dusty Ballard scores Angel Tellez to third Pat Pemberton to second
|
|
Batting: RHB John DeVillier
|
0-0: Called Strike 0-1: Ball 1-1: Ball 2-1: Ball 3-1: SINGLE (Line Drive, 7S, EV 109.4 MPH) Angel Tellez scores Pat Pemberton to third Jason Bell to second
|
|
Batting: SHB Jason Bresnahan
|
0-0: Ball 1-0: Ball 2-0: TRIPLE (Flyball, 9LD, EV 113.8 MPH) Pat Pemberton scores Jason Bell scores John DeVillier scores
|
|
Batting: RHB Sal Chavira
|
0-0: Called Strike 0-1: Ball 1-1: SINGLE (Groundball, 6MD, EV 100.6 MPH) Jason Bresnahan scores
|
|
Batting: RHB Dusty Ballard
|
0-0: Foul Ball, location: 2F 0-1: Ball 1-1: Ball 2-1: Ball 3-1: Foul Ball, location: 2F 3-2: Base on Balls Sal Chavira to second
|
|
Batting: RHB Jeremy Hoffert
|
0-0: DOUBLE (Groundball, 5L, EV 105.6 MPH) Sal Chavira scores Dusty Ballard to third Runner from 3rd tries for Home, SAFE, throw by LF to home
|
|
Pitching: RHP Ruben Pujols
|
|
|
Batting: LHB Angel Tellez
|
0-0: Foul Ball, location: 2F 0-1: Ball Balk! Jeremy Hoffert to third 1-1: Ball Balk! Jeremy Hoffert scores 2-1: Ball 3-1: Base on Balls
|
|
Batting: LHB Brandon Hopper
|
0-0: Called Strike 0-1: Called Strike 0-2: Ball 1-2: Fly out, F8 (Flyball, 8LS, EV 93.8 MPH)
|
| Top of the 1st over - 9 runs, 6 hits, 0 errors, 1 left on base; Chicago (NYP) 9 - Tri-City 0 |
| BOTTOM OF THE 1ST |
|
Tri-City ValleyCats batting - Pitching for Chicago (NYP) White Sox : RHP Ed Catalan
|
|
Pitching: RHP Ed Catalan
|
|
|
Batting: RHB Ben Hoffman
|
0-0: Ball 1-0: Called Strike 1-1: Foul Ball, location: 2F 1-2: Ball 2-2: Fly out, F8 (Flyball, 8RS, EV 80.6 MPH)
|
|
Batting: RHB Justin Olmstead
|
0-0: Swinging Strike 0-1: Ground out 5-3 (Groundball, 56, EV 103.8 MPH)
|
|
Batting: LHB Vinny Siebecker
|
0-0: Called Strike 0-1: Ball 1-1: SOLO HOME RUN (Flyball, 9LD, EV 91.9 MPH), Distance : 336 ft
|
|
Batting: SHB Salvador Gomez
|
0-0: Swinging Strike 0-1: Ball 1-1: Ground out 6-3 (Groundball, 6, EV 81.3 MPH)
|
| Bottom of the 1st over - 1 run, 1 hit, 0 errors, 0 left on base; Chicago (NYP) 9 - Tri-City 1 |
| TOP OF THE 2ND |
|
Chicago (NYP) White Sox batting - Pitching for Tri-City ValleyCats : RHP Ruben Pujols
|
|
Batting: RHB Pat Pemberton
|
0-0: SINGLE (Line Drive, 78S, EV 96.3 MPH)
|
|
Batting: LHB Jason Bell
|
Balk! Pat Pemberton to second 0-0: 2-RUN HOME RUN (Flyball, 9D, EV 93.1 MPH), Distance : 351 ft
|
|
Batting: RHB John DeVillier
|
0-0: Called Strike 0-1: Ball 1-1: Ball 2-1: Ball 3-1: Base on Balls
|
|
Batting: SHB Jason Bresnahan
|
Balk! John DeVillier to second 0-0: Ball 1-0: 2-RUN HOME RUN (Flyball, 9D, EV 98.1 MPH), Distance : 359 ft
|
|
Pitching: RHP Arsène Serre
|
|
|
Batting: RHB Sal Chavira
|
0-0: Called Strike 0-1: Foul Ball, location: 2F 0-2: Ball 1-2: Ball 2-2: Foul Ball, location: 2F 2-2: Ground out 2-3 (Groundball, 15S, EV 71.9 MPH)
|
|
Batting: RHB Dusty Ballard
|
0-0: Called Strike 0-1: Ball 1-1: Ball 2-1: Swinging Strike 2-2: Foul Ball, location: 2F 2-2: Foul Ball, location: 2F 2-2: DOUBLE (Groundball, 5L, EV 104.4 MPH)
|
|
Batting: RHB Jeremy Hoffert
|
0-0: Ball 1-0: Ball 2-0: Ball 3-0: Base on Balls
|
|
Batting: LHB Angel Tellez
|
0-0: Called Strike 0-1: Foul Ball, location: 2F 0-2: Ball 1-2: SINGLE (Groundball, 34D, EV 105.6 MPH) Dusty Ballard to third Jeremy Hoffert to second Throwing error, E9 Dusty Ballard scores Jeremy Hoffert to third Angel Tellez to second
|
|
Batting: LHB Brandon Hopper
|
0-0: Fly out, F4 (Popup, 4MD, EV 63.1 MPH)
|
|
Batting: RHB Pat Pemberton
|
0-0: Ball 1-0: Foul Ball, location: 2F 1-1: Reached on error, E5 (Groundball, 56, EV 105.0 MPH) Jeremy Hoffert scores Angel Tellez to third
|
|
Batting: LHB Jason Bell
|
0-0: Ball 1-0: SINGLE (Line Drive, 56, EV 101.9 MPH) Angel Tellez scores Pat Pemberton to second
|
|
Batting: RHB John DeVillier
|
0-0: Foul Ball, location: 2F 0-1: Foul Ball, location: 2F 0-2: Ground out 6-3 (Groundball, 6M, EV 78.1 MPH)
|
| Top of the 2nd over - 7 runs, 6 hits, 2 errors, 2 left on base; Chicago (NYP) 16 - Tri-City 1 |
| BOTTOM OF THE 2ND |
|
Tri-City ValleyCats batting - Pitching for Chicago (NYP) White Sox : RHP Ed Catalan
|
|
Batting: SHB Chris Keziah
|
0-0: Foul Ball, location: 2F 0-1: Ball 1-1: Called Strike 1-2: Strikes out swinging
|
|
Batting: RHB Dan Kurtz
|
0-0: Ball 1-0: Ground out 6-3 (Groundball, 6, EV 95.0 MPH)
|
|
Batting: RHB San-pao Kao
|
0-0: Foul Ball, location: 2F 0-1: Ball 1-1: Foul Ball, location: 2F 1-2: Strikes out swinging
|
| Bottom of the 2nd over - 0 runs, 0 hits, 0 errors, 0 left on base; Chicago (NYP) 16 - Tri-City 1 |
| TOP OF THE 3RD |
|
Chicago (NYP) White Sox batting - Pitching for Tri-City ValleyCats : RHP Arsène Serre
|
|
Batting: SHB Jason Bresnahan
|
0-0: Ball 1-0: SINGLE (Line Drive, 8LS, EV 95.6 MPH)
|
|
Batting: RHB Sal Chavira
|
0-0: Foul Ball, location: 2F 0-1: Ball 1-1: SINGLE (Groundball, 56D, EV 104.4 MPH) Jason Bresnahan to second
|
|
Batting: RHB Dusty Ballard
|
0-0: Ball 1-0: Called Strike 1-1: Called Strike 1-2: Ball 2-2: Foul Ball, location: 2F 2-2: 3-RUN HOME RUN (Flyball, 78XD, EV 106.3 MPH), Distance : 402 ft
|
|
Batting: RHB Jeremy Hoffert
|
0-0: SINGLE (Line Drive, 9LS, EV 105.0 MPH)
|
|
Batting: LHB Angel Tellez
|
0-0: Fly out, F8 (Flyball, 8RD, EV 107.5 MPH)
|
|
Batting: LHB Brandon Hopper
|
0-0: Called Strike 0-1: SINGLE (Groundball, 6D, EV 98.8 MPH) Jeremy Hoffert to second
|
|
Batting: RHB Pat Pemberton
|
0-0: SINGLE (Groundball, 34D, EV 98.8 MPH) Jeremy Hoffert to third Brandon Hopper to second
|
|
Batting: LHB Jason Bell
|
0-0: Fly out, F8 (Flyball, 8RM, EV 93.8 MPH) Runner from 3rd tags up, SCORES, no throw by CF
|
|
Batting: RHB John DeVillier
|
0-0: Fly out, F7 (Flyball, 7LM, EV 93.1 MPH)
|
| Top of the 3rd over - 4 runs, 6 hits, 0 errors, 2 left on base; Chicago (NYP) 20 - Tri-City 1 |
| BOTTOM OF THE 3RD |
|
Tri-City ValleyCats batting - Pitching for Chicago (NYP) White Sox : RHP Ed Catalan
|
|
Batting: RHB Evan Fry
|
0-0: Ball 1-0: Called Strike 1-1: DOUBLE (Line Drive, 9LD, EV 103.8 MPH)
|
|
Batting: RHB Mike Koch
|
0-0: Ball 1-0: Foul Ball, location: 2F 1-1: Ball 2-1: SINGLE (Groundball, 56D, EV 102.5 MPH) Evan Fry to third
|
|
Batting: RHB Ben Hoffman
|
0-0: Called Strike 0-1: Swinging Strike 0-2: Grounds into double play, 6-4-3 (Groundball, 6, EV 101.3 MPH) Evan Fry scores
|
|
Batting: RHB Justin Olmstead
|
0-0: Ball 1-0: Called Strike 1-1: Called Strike 1-2: Strikes out looking
|
| Bottom of the 3rd over - 1 run, 2 hits, 0 errors, 0 left on base; Chicago (NYP) 20 - Tri-City 2 |
| TOP OF THE 4TH |
|
Chicago (NYP) White Sox batting - Pitching for Tri-City ValleyCats : RHP Arsène Serre
|
|
Batting: SHB Jason Bresnahan
|
0-0: Called Strike 0-1: Ball 1-1: Ball 2-1: SINGLE (Line Drive, 9LS, EV 106.9 MPH)
|
|
Batting: RHB Sal Chavira
|
0-0: SINGLE (Flyball, 34D, EV 89.4 MPH) Jason Bresnahan to second
|
|
Batting: RHB Dusty Ballard
|
0-0: Ball 1-0: Ball 2-0: Fly out, F7 (Flyball, 7LS, EV 86.3 MPH)
|
|
Batting: RHB Jeremy Hoffert
|
0-0: Called Strike 0-1: Swinging Strike 0-2: Ball 1-2: Ball 2-2: Foul Ball, location: 2F 2-2: Ball 3-2: Foul Ball, location: 2F 3-2: Base on Balls Jason Bresnahan to third Sal Chavira to second
|
|
Batting: LHB Angel Tellez
|
0-0: Ball 1-0: Ball 2-0: Swinging Strike 2-1: DOUBLE (Flyball, 7LD, EV 102.5 MPH) Jason Bresnahan scores Sal Chavira scores Jeremy Hoffert to third
|
|
Batting: LHB Brandon Hopper
|
0-0: 3-RUN HOME RUN (Line Drive, 89XD, EV 104.4 MPH), Distance : 402 ft
|
|
Batting: RHB Pat Pemberton
|
0-0: SINGLE (Groundball, 6, EV 99.4 MPH)
|
|
Batting: LHB Jason Bell
|
0-0: Called Strike 0-1: SINGLE (Groundball, 3D, EV 94.4 MPH) Pat Pemberton to second
|
|
Batting: RHB John DeVillier
|
0-0: Swinging Strike 0-1: SINGLE (Groundball, 56D, EV 98.1 MPH) Pat Pemberton to third Jason Bell to second
|
|
Batting: SHB Jason Bresnahan
|
0-0: Fly out, F8 (Line Drive, 8RM, EV 92.5 MPH)
|
|
Batting: RHB Sal Chavira
|
0-0: DOUBLE (Flyball, 78D, EV 105.6 MPH) Pat Pemberton scores Jason Bell scores John DeVillier to third Runner from 3rd tries for Home, SAFE, throw by LF to home
|
|
Batting: RHB Dusty Ballard
|
0-0: Fly out, F9 (Flyball, 8RM, EV 94.4 MPH)
|
| Top of the 4th over - 8 runs, 8 hits, 0 errors, 1 left on base; Chicago (NYP) 28 - Tri-City 2 |
| BOTTOM OF THE 4TH |
|
Tri-City ValleyCats batting - Pitching for Chicago (NYP) White Sox : RHP Ed Catalan
|
|
Batting: LHB Vinny Siebecker
|
0-0: Called Strike 0-1: Fly out, F8 (Flyball, 8LD, EV 97.5 MPH)
|
|
Batting: SHB Salvador Gomez
|
0-0: Swinging Strike 0-1: Foul Ball, location: 2F 0-2: Foul Ball, location: 2F 0-2: Ball 1-2: Ground out 4-3 (Groundball, 4, EV 80.6 MPH)
|
|
Batting: SHB Chris Keziah
|
0-0: Called Strike 0-1: Called Strike 0-2: Ball 1-2: Ball 2-2: Strikes out swinging
|
| Bottom of the 4th over - 0 runs, 0 hits, 0 errors, 0 left on base; Chicago (NYP) 28 - Tri-City 2 |
| TOP OF THE 5TH |
|
Chicago (NYP) White Sox batting - Pitching for Tri-City ValleyCats : RHP Arsène Serre
|
|
Batting: RHB Jeremy Hoffert
|
0-0: Fly out, F7 (Flyball, 78D, EV 101.9 MPH)
|
|
Batting: LHB Angel Tellez
|
0-0: Called Strike 0-1: Ball 1-1: Ball 2-1: Ball 3-1: Base on Balls
|
|
Batting: LHB Brandon Hopper
|
0-0: Fielders Choice at 2nd, 5-4 (Groundball, 56, EV 88.1 MPH)
|
|
Batting: RHB Pat Pemberton
|
0-0: Ball 1-0: SINGLE (Groundball, 6, EV 99.4 MPH) Brandon Hopper to second
|
|
Batting: LHB Jason Bell
|
0-0: Ball Passed Ball! Brandon Hopper to third Pat Pemberton to second 1-0: Ball 2-0: Ground out 4-3 (Groundball, 4, EV 100.6 MPH)
|
| Top of the 5th over - 0 runs, 1 hit, 0 errors, 2 left on base; Chicago (NYP) 28 - Tri-City 2 |
| BOTTOM OF THE 5TH |
|
Tri-City ValleyCats batting - Pitching for Chicago (NYP) White Sox : RHP Ed Catalan
|
|
Batting: RHB Dan Kurtz
|
0-0: Called Strike 0-1: Ball 1-1: Ball 2-1: Ball 3-1: Swinging Strike 3-2: Foul Ball, location: 2F 3-2: Strikes out swinging
|
|
Batting: RHB San-pao Kao
|
0-0: Ball 1-0: Ball 2-0: Ground out U3 (Groundball, 34, EV 100.6 MPH)
|
|
Batting: RHB Evan Fry
|
0-0: Hit by Pitch
|
|
Batting: RHB Mike Koch
|
0-0: Ball 1-0: Ball Evan Fry steals 2nd base (no throw) 2-0: Fly out, F9 (Flyball, 9S, EV 78.8 MPH)
|
| Bottom of the 5th over - 0 runs, 0 hits, 0 errors, 1 left on base; Chicago (NYP) 28 - Tri-City 2 |
| TOP OF THE 6TH |
|
Chicago (NYP) White Sox batting - Pitching for Tri-City ValleyCats : RHP Arsène Serre
|
|
Batting: RHB John DeVillier
|
0-0: Fly out, F7 (Flyball, 78M, EV 88.8 MPH)
|
|
Batting: SHB Jason Bresnahan
|
0-0: Called Strike 0-1: Reached on error, E4 (Groundball, 4, EV 81.9 MPH)
|
|
Batting: RHB Sal Chavira
|
0-0: Fielders Choice at 2nd, 4-6 (Groundball, 4, EV 89.4 MPH)
|
|
Batting: RHB Dusty Ballard
|
0-0: Fly out, F8 (Flyball, 8LD, EV 92.5 MPH)
|
| Top of the 6th over - 0 runs, 0 hits, 1 error, 1 left on base; Chicago (NYP) 28 - Tri-City 2 |
| BOTTOM OF THE 6TH |
|
Tri-City ValleyCats batting - Pitching for Chicago (NYP) White Sox : RHP Ed Catalan
|
|
Batting: RHB Ben Hoffman
|
0-0: Ball 1-0: Swinging Strike 1-1: Ball 2-1: Foul Ball, location: 2F 2-2: Foul Ball, location: 2F 2-2: Foul Ball, location: 2F 2-2: Strikes out looking
|
|
Pitching: RHP Alex Garibay
|
|
|
Batting: RHB Justin Olmstead
|
0-0: Ball 1-0: Ball 2-0: Foul Ball, location: 2F 2-1: Ball 3-1: Fly out, F9 (Flyball, 9, EV 89.4 MPH)
|
|
Batting: LHB Vinny Siebecker
|
0-0: Ball 1-0: Ball 2-0: Foul Ball, location: 2F 2-1: Ball 3-1: Base on Balls
|
|
Batting: SHB Salvador Gomez
|
0-0: Called Strike 0-1: Ball 1-1: Foul Ball, location: 2F 1-2: Foul Ball, location: 2F 1-2: Ground out U3 (Groundball, 34S, EV 80.6 MPH)
|
| Bottom of the 6th over - 0 runs, 0 hits, 0 errors, 1 left on base; Chicago (NYP) 28 - Tri-City 2 |
| TOP OF THE 7TH |
|
Chicago (NYP) White Sox batting - Pitching for Tri-City ValleyCats : RHP Arsène Serre
|
|
Batting: RHB Jeremy Hoffert
|
0-0: Ball 1-0: Swinging Strike 1-1: Ground out 6-3 (Groundball, 6, EV 101.9 MPH)
|
|
Batting: LHB Angel Tellez
|
0-0: Ball 1-0: Fly out, F6 (Popup, P, EV 86.9 MPH)
|
|
Batting: LHB Brandon Hopper
|
0-0: Ball 1-0: Foul Ball, location: 2F 1-1: Ball 2-1: Ball 3-1: Called Strike 3-2: Base on Balls
|
|
Batting: RHB Pat Pemberton
|
0-0: Fly out, F3 (Popup, 3S, EV 81.3 MPH)
|
| Top of the 7th over - 0 runs, 0 hits, 0 errors, 1 left on base; Chicago (NYP) 28 - Tri-City 2 |
| BOTTOM OF THE 7TH |
|
Tri-City ValleyCats batting - Pitching for Chicago (NYP) White Sox : RHP Alex Garibay
|
|
Batting: SHB Chris Keziah
|
0-0: Foul Ball, location: 2F 0-1: Ball 1-1: Swinging Strike 1-2: Strikes out swinging
|
|
Batting: RHB Dan Kurtz
|
0-0: Ball 1-0: Ball 2-0: Foul Ball, location: 2F 2-1: Foul Ball, location: 2F 2-2: Strikes out swinging
|
|
Batting: RHB San-pao Kao
|
0-0: Ball 1-0: Foul Ball, location: 2F 1-1: Ball 2-1: Foul Ball, location: 2F 2-2: Foul Ball, location: 2F 2-2: Foul Ball, location: 2F 2-2: Ball 3-2: Strikes out swinging
|
| Bottom of the 7th over - 0 runs, 0 hits, 0 errors, 0 left on base; Chicago (NYP) 28 - Tri-City 2 |
| TOP OF THE 8TH |
|
Chicago (NYP) White Sox batting - Pitching for Tri-City ValleyCats : RHP Arsène Serre
|
|
Batting: LHB Jason Bell
|
0-0: Ball 1-0: Called Strike 1-1: Called Strike 1-2: Fly out, F7 (Flyball, 7S, EV 85.0 MPH)
|
|
Batting: RHB John DeVillier
|
0-0: Ball 1-0: Foul Ball, location: 2F 1-1: Foul Ball, location: 2F 1-2: Foul Ball, location: 2F 1-2: SINGLE (Line Drive, 6D, EV 99.4 MPH)
|
|
Batting: SHB Jason Bresnahan
|
0-0: Ball 1-0: Ball 2-0: Ball 3-0: Called Strike 3-1: Base on Balls John DeVillier to second
|
|
Batting: RHB Sal Chavira
|
0-0: Ground out 5-3 (Groundball, 5S, EV 71.3 MPH) John DeVillier to third Jason Bresnahan to second
|
|
Pinch Hitting: RHB Osvaldo Corunha
|
0-0: Ground out U3 (Groundball, 34, EV 90.0 MPH)
|
| Top of the 8th over - 0 runs, 1 hit, 0 errors, 2 left on base; Chicago (NYP) 28 - Tri-City 2 |
| BOTTOM OF THE 8TH |
|
Tri-City ValleyCats batting - Pitching for Chicago (NYP) White Sox : RHP Alex Garibay
|
|
Now at 1B: Osvaldo Corunha
|
|
|
Batting: RHB Evan Fry
|
0-0: Foul Ball, location: 2F 0-1: Called Strike 0-2: Ball 1-2: Ball 2-2: Strikes out swinging
|
|
Batting: RHB Mike Koch
|
0-0: Ball 1-0: Ball 2-0: Foul Ball, location: 2F 2-1: Ball 3-1: Foul Ball, location: 2F 3-2: Foul Ball, location: 2F 3-2: Foul Ball, location: 2F 3-2: SINGLE (Groundball, 56D, EV 97.5 MPH)
|
|
Pitching: RHP Miguel Romero
|
|
|
Batting: RHB Ben Hoffman
|
0-0: Ball 1-0: Called Strike 1-1: Called Strike 1-2: Strikes out swinging
|
|
Batting: RHB Justin Olmstead
|
0-0: Foul Ball, location: 2F 0-1: Ball 1-1: Ball 2-1: Called Strike 2-2: Strikes out swinging
|
| Bottom of the 8th over - 0 runs, 1 hit, 0 errors, 1 left on base; Chicago (NYP) 28 - Tri-City 2 |
| TOP OF THE 9TH |
|
Chicago (NYP) White Sox batting - Pitching for Tri-City ValleyCats : RHP Arsène Serre
|
|
Batting: RHB Jeremy Hoffert
|
0-0: Ground out 6-3 (Groundball, 6M, EV 86.9 MPH)
|
|
Batting: LHB Angel Tellez
|
0-0: Fly out, F8 (Flyball, 8LM, EV 92.5 MPH)
|
|
Batting: LHB Brandon Hopper
|
0-0: Ground out 3-1 (Groundball, 34, EV 95.6 MPH)
|
| Top of the 9th over - 0 runs, 0 hits, 0 errors, 0 left on base; Chicago (NYP) 28 - Tri-City 2 |
| BOTTOM OF THE 9TH |
|
Tri-City ValleyCats batting - Pitching for Chicago (NYP) White Sox : RHP Miguel Romero
|
|
Batting: LHB Vinny Siebecker
|
0-0: Ball 1-0: Ball 2-0: Ball 3-0: Called Strike 3-1: Foul Ball, location: 2F 3-2: Strikes out swinging
|
|
Batting: SHB Salvador Gomez
|
0-0: Called Strike 0-1: Ground out U3 (Groundball, 34, EV 86.3 MPH)
|
|
Batting: SHB Chris Keziah
|
0-0: Ball 1-0: Ball 2-0: Foul Ball, location: 2F 2-1: Foul Ball, location: 2F 2-2: Ground out 4-3 (Groundball, 4D, EV 109.4 MPH)
|
| Bottom of the 9th over - 0 runs, 0 hits, 0 errors, 0 left on base; Chicago (NYP) 28 - Tri-City 2 |
|